General information
- name: BNet
- type: Ladder team game (AT/RT)
- host: Battle.net
- saver: GutEatinInjun
map: FullScaleAssault
- players: 8
- length: 62:03
- speed: Fast
- version: 1.26 W3XP
- replay type: Public
» download(297 KB)
Players
team 1 (winner)
GutEatinInjun (
blue | 53 APM | 3287 actions | 62:03)
10 Blademaster
3 Wind Walk
3 Critical Strike
1 Bladestorm
3 Mirror Image
2 Mountain King
1 Bash
1 Thunder Clap
» actions
| Assign group hotkey | 65 | |
| Basic commands | 26 | |
| Build / train | 102 | |
| Enter build submenu | 68 | |
| Enter hero's abilities submenu | 12 | |
| Give item / drop item | 24 | |
| Remove unit from queue | 1 | |
| Right click | 1638 | |
| Select / deselect | 564 | |
| Select group hotkey | 461 | |
| Use ability | 326 | |
3287 total
» units
| Peon | 12 | |
| Grunt | 6 | |
| Goblin Shredder | 1 | |
| Goblin Zeppelin | 3 | |
| Goblin Sapper | 7 | |
| Troll Batrider | 9 | |
| Blue Dragon | 3 | |
41 total
» upgrades
| Ranged Weapons | 3 | |
| Armor | 4 | |
| Reinforced Defenses | 1 | |
| Troll Regeneration | 1 | |
| Liquid Fire | 1 | |
| Envenomed Spears | 1 | |
11 total
» buildings
| Orc Burrow | 6 | |
| Altar of Storms | 1 | |
| Barracks | 1 | |
| Voodoo Lounge | 1 | |
| Stronghold | 1 | |
| War Mill | 1 | |
| Great Hall | 5 | |
| Watch Tower | 66 | |
| Fortress | 1 | |
| Beastiary | 4 | |
| Scout Tower | 10 | |
| Arcane Tower | 1 | |
98 total
» build order
00:14 Orc Burrow
00:58 Altar of Storms
00:59 Barracks
01:05 Orc Burrow
01:38 Voodoo Lounge
02:53 Stronghold
03:35 Orc Burrow
04:25 War Mill
04:58 Great Hall
06:01 Watch Tower
06:02 Watch Tower
06:03 Watch Tower
06:03 Watch Tower
06:36 Orc Burrow
06:39 Orc Burrow
07:55 Fortress
07:57 Watch Tower
07:58 Watch Tower
08:00 Watch Tower
08:01 Watch Tower
11:07 Watch Tower
11:08 Watch Tower
11:09 Watch Tower
11:12 Watch Tower
11:13 Watch Tower
11:15 Watch Tower
11:16 Watch Tower
11:28 Watch Tower
11:30 Watch Tower
14:07 Great Hall
14:11 Watch Tower
14:11 Watch Tower
14:12 Watch Tower
14:12 Watch Tower
14:21 Beastiary
14:23 Beastiary
14:27 Beastiary
14:31 Beastiary
14:59 Watch Tower
15:01 Watch Tower
15:04 Watch Tower
15:06 Watch Tower
16:16 Watch Tower
16:20 Watch Tower
16:23 Watch Tower
16:25 Watch Tower
25:15 Orc Burrow
27:03 Great Hall
27:09 Watch Tower
27:09 Watch Tower
27:10 Watch Tower
27:10 Watch Tower
27:12 Watch Tower
27:12 Watch Tower
27:13 Watch Tower
27:13 Watch Tower
27:21 Watch Tower
27:22 Watch Tower
27:23 Watch Tower
27:23 Watch Tower
34:25 Great Hall
34:29 Watch Tower
34:30 Watch Tower
34:31 Watch Tower
34:32 Watch Tower
34:33 Watch Tower
34:34 Watch Tower
34:34 Watch Tower
34:35 Watch Tower
34:36 Watch Tower
34:37 Watch Tower
34:39 Watch Tower
34:39 Watch Tower
43:32 Great Hall
43:36 Watch Tower
43:37 Watch Tower
43:37 Watch Tower
43:38 Watch Tower
43:40 Watch Tower
43:41 Watch Tower
43:41 Watch Tower
43:42 Watch Tower
43:43 Watch Tower
43:43 Watch Tower
43:45 Watch Tower
45:52 Watch Tower
55:22 Scout Tower
55:23 Scout Tower
55:25 Scout Tower
55:25 Scout Tower
55:26 Scout Tower
55:27 Scout Tower
55:27 Scout Tower
55:28 Scout Tower
55:29 Scout Tower
55:30 Scout Tower
56:21 Arcane Tower
» items
| Healing Salve | 4 | |
| Scroll of Regeneration | 1 | |
| Potion of Mana | 4 | |
| Lesser Clarity Potion | 3 | |
| Scroll of Town Portal | 1 | |
| Periapt of Vitality | 1 | |
| Potion of Invisibility | 11 | |
| Orb of Lightning | 1 | |
| Potion of Healing | 3 | |
| Mechanical Critter | 3 | |
| Staff of Teleportation | 1 | |
33 total
yahboxi (
pink | 28 APM | 1008 actions | 35:36)
5 Paladin
3 Devotion Aura
2 Holy Light
» actions
| Basic commands | 3 | |
| Build / train | 74 | |
| Enter build submenu | 26 | |
| Enter hero's abilities submenu | 4 | |
| Remove unit from queue | 3 | |
| Right click | 465 | |
| Select / deselect | 391 | |
| Use ability | 40 | |
1008 total
» units
| Peasant | 7 | |
| Footman | 25 | |
| Rifleman | 13 | |
| Knight | 3 | |
48 total
» upgrades
| Defend | 1 | |
| Swords | 3 | |
| Plating | 3 | |
| Gunpowder | 3 | |
| Armor | 3 | |
| Long Rifles | 1 | |
| Animal War Training | 1 | |
15 total
» buildings
| Barracks | 3 | |
| Farm | 16 | |
| Altar of Kings | 1 | |
| Lumber Mill | 1 | |
| Blacksmith | 1 | |
| Keep | 1 | |
| Castle | 1 | |
| Town Hall | 1 | |
25 total
» build order
00:27 Barracks
00:31 Barracks
00:42 Farm
01:26 Altar of Kings
01:36 Farm
02:25 Barracks
02:31 Farm
02:58 Lumber Mill
03:13 Farm
03:35 Blacksmith
04:03 Farm
04:33 Farm
04:55 Farm
05:58 Keep
07:50 Farm
08:20 Farm
09:31 Castle
09:43 Farm
10:28 Farm
11:38 Farm
13:13 Farm
14:02 Farm
14:45 Farm
16:05 Farm
25:45 Town Hall
chiwauke11 (
teal | 23 APM | 841 actions | 35:57)
6 Mountain King
3 Storm Bolt
2 Bash
1 Avatar
5 Paladin
2 Holy Light
3 Devotion Aura
» actions
| Basic commands | 16 | |
| Build / train | 107 | |
| Enter build submenu | 50 | |
| Enter hero's abilities submenu | 11 | |
| Remove unit from queue | 1 | |
| Right click | 186 | |
| Select / deselect | 369 | |
| Use ability | 101 | |
841 total
» units
| Peasant | 18 | |
| Footman | 8 | |
| Rifleman | 2 | |
| Dragonhawk Rider | 14 | |
42 total
» upgrades
| Masonry | 3 | |
| Swords | 3 | |
| Lumber Harvesting | 2 | |
| Armor | 3 | |
| Cloud | 1 | |
| Storm Hammers | 1 | |
| Plating | 1 | |
| Gunpowder | 1 | |
15 total
» buildings
| Farm | 14 | |
| Altar of Kings | 1 | |
| Arcane Vault | 1 | |
| Lumber Mill | 2 | |
| Scout Tower | 24 | |
| Barracks | 1 | |
| Guard Tower | 14 | |
| Blacksmith | 1 | |
| Arcane Tower | 5 | |
| Keep | 1 | |
| Town Hall | 1 | |
| Gryphon Aviary | 2 | |
| Castle | 1 | |
| Workshop | 1 | |
| Cannon Tower | 2 | |
71 total
» build order
00:13 Farm
00:17 Farm
00:19 Farm
00:57 Altar of Kings
01:04 Arcane Vault
01:39 Lumber Mill
02:00 Scout Tower
02:02 Scout Tower
02:04 Scout Tower
02:11 Scout Tower
02:52 Barracks
03:14 Guard Tower
03:33 Guard Tower
03:39 Scout Tower
03:42 Guard Tower
04:00 Blacksmith
04:12 Scout Tower
04:16 Arcane Tower
04:42 Farm
04:44 Arcane Tower
05:21 Keep
05:25 Farm
05:32 Farm
06:21 Scout Tower
06:27 Scout Tower
07:26 Town Hall
07:41 Scout Tower
07:43 Guard Tower
08:15 Farm
08:34 Guard Tower
08:36 Guard Tower
09:00 Scout Tower
09:23 Gryphon Aviary
09:50 Scout Tower
09:52 Arcane Tower
10:25 Scout Tower
10:49 Gryphon Aviary
11:33 Guard Tower
11:37 Scout Tower
12:41 Scout Tower
12:47 Castle
12:49 Guard Tower
13:27 Scout Tower
13:29 Arcane Tower
13:56 Farm
13:58 Guard Tower
14:47 Scout Tower
15:24 Scout Tower
15:26 Guard Tower
15:55 Scout Tower
15:58 Scout Tower
16:00 Arcane Tower
16:32 Farm
16:34 Guard Tower
17:17 Scout Tower
19:25 Scout Tower
19:27 Guard Tower
19:47 Farm
19:56 Guard Tower
20:35 Farm
21:27 Farm
23:11 Scout Tower
23:16 Workshop
23:46 Scout Tower
24:17 Scout Tower
24:27 Lumber Mill
24:32 Cannon Tower
25:19 Cannon Tower
25:31 Farm
27:22 Farm
29:08 Guard Tower
» items
| Ivory Tower | 6 | |
| Periapt of Vitality | 1 | |
| Scroll of Town Portal | 3 | |
| Orb of Fire | 2 | |
| Potion of Mana | 1 | |
13 total
integraboy (
orange | 45 APM | 1619 actions | 36:06)
3 Archmage
2 Summon Water Elemental
1 Blizzard
» actions
| Assign group hotkey | 27 | |
| Build / train | 83 | |
| ESC pressed | 1 | |
| Enter build submenu | 40 | |
| Enter hero's abilities submenu | 3 | |
| Give item / drop item | 3 | |
| Remove unit from queue | 1 | |
| Right click | 388 | |
| Select / deselect | 311 | |
| Select group hotkey | 699 | |
| Use ability | 63 | |
1619 total
» units
| Peasant | 16 | |
| Footman | 4 | |
| Goblin Zeppelin | 1 | |
| Goblin Shredder | 1 | |
| Siege Engine | 10 | |
| Knight | 15 | |
47 total
» upgrades
| Lumber Harvesting | 2 | |
| Swords | 3 | |
| Plating | 3 | |
| Gunpowder | 3 | |
| Animal War Training | 1 | |
| Barrage | 1 | |
| Masonry | 3 | |
16 total
» buildings
| Barracks | 1 | |
| Altar of Kings | 1 | |
| Farm | 15 | |
| Lumber Mill | 1 | |
| Keep | 1 | |
| Arcane Vault | 1 | |
| Blacksmith | 1 | |
| Castle | 1 | |
| Workshop | 5 | |
| Town Hall | 1 | |
| Scout Tower | 9 | |
| Guard Tower | 9 | |
46 total
» build order
00:13 Barracks
00:20 Altar of Kings
00:30 Farm
01:19 Farm
01:59 Farm
02:41 Farm
03:23 Farm
03:33 Lumber Mill
04:03 Farm
04:34 Keep
04:52 Arcane Vault
06:08 Farm
06:14 Blacksmith
07:02 Farm
07:08 Castle
07:52 Farm
08:51 Farm
09:21 Workshop
09:38 Town Hall
10:07 Farm
10:19 Workshop
10:40 Workshop
10:46 Workshop
10:49 Workshop
11:09 Farm
11:38 Scout Tower
11:50 Farm
12:26 Guard Tower
12:28 Scout Tower
12:33 Farm
13:00 Guard Tower
13:03 Scout Tower
13:35 Guard Tower
13:40 Scout Tower
13:44 Farm
14:09 Guard Tower
14:13 Scout Tower
15:04 Guard Tower
15:08 Scout Tower
15:51 Scout Tower
15:53 Guard Tower
16:37 Guard Tower
16:41 Scout Tower
17:17 Guard Tower
17:19 Scout Tower
18:22 Guard Tower
» items
team 2 (loser)
CLOUD-ATLAS. (
red | 53 APM | 3301 actions | 62:02)
9 Archmage
3 Summon Water Elemental
3 Brilliance Aura
2 Mass Teleport
1 Blizzard
» actions
| Assign group hotkey | 56 | |
| Basic commands | 62 | |
| Build / train | 139 | |
| Enter build submenu | 31 | |
| Enter hero's abilities submenu | 11 | |
| Give item / drop item | 5 | |
| Remove unit from queue | 2 | |
| Right click | 1367 | |
| Select / deselect | 509 | |
| Select group hotkey | 883 | |
| Use ability | 236 | |
3301 total
» units
| Peasant | 15 | |
| Footman | 4 | |
| Goblin Shredder | 16 | |
| Goblin Zeppelin | 3 | |
| Gryphon Rider | 5 | |
| Blue Dragon | 4 | |
| Flying Machine | 1 | |
| Sorceress | 1 | |
| Dragonhawk Rider | 3 | |
52 total
» upgrades
| Masonry | 3 | |
| Swords | 2 | |
| Armor | 2 | |
| Storm Hammers | 1 | |
| Cloud | 1 | |
| Flare | 1 | |
| Fragmentation Shards | 1 | |
| Animal War Training | 1 | |
| Barrage | 1 | |
| Gunpowder | 2 | |
| Plating | 1 | |
| Sorceress Training | 2 | |
18 total
» buildings
| Altar of Kings | 1 | |
| Barracks | 1 | |
| Farm | 10 | |
| Scout Tower | 76 | |
| Arcane Vault | 1 | |
| Arcane Tower | 2 | |
| Town Hall | 3 | |
| Lumber Mill | 1 | |
| Keep | 3 | |
| Guard Tower | 28 | |
| Blacksmith | 1 | |
| Castle | 3 | |
| Gryphon Aviary | 4 | |
| Workshop | 3 | |
| Cannon Tower | 4 | |
| Arcane Sanctum | 1 | |
142 total
» build order
00:07 Altar of Kings
00:21 Barracks
00:36 Farm
00:50 Farm
01:31 Farm
01:37 Scout Tower
02:17 Arcane Vault
02:32 Arcane Tower
03:16 Town Hall
03:19 Scout Tower
03:20 Scout Tower
03:56 Lumber Mill
04:00 Arcane Tower
05:46 Keep
05:47 Keep
06:05 Guard Tower
06:18 Farm
06:26 Scout Tower
06:27 Scout Tower
06:27 Scout Tower
06:28 Scout Tower
06:28 Scout Tower
06:28 Scout Tower
06:46 Blacksmith
07:33 Guard Tower
07:34 Guard Tower
07:40 Scout Tower
07:41 Scout Tower
07:42 Scout Tower
07:44 Scout Tower
07:45 Scout Tower
08:25 Castle
08:25 Castle
08:27 Guard Tower
08:27 Guard Tower
08:32 Gryphon Aviary
08:54 Guard Tower
08:59 Gryphon Aviary
09:04 Gryphon Aviary
10:41 Town Hall
10:43 Scout Tower
10:44 Scout Tower
10:44 Scout Tower
10:44 Scout Tower
10:47 Scout Tower
10:47 Scout Tower
10:48 Scout Tower
10:49 Scout Tower
11:09 Farm
11:09 Farm
11:10 Farm
11:11 Farm
11:11 Farm
11:21 Guard Tower
11:59 Guard Tower
12:29 Scout Tower
12:29 Scout Tower
12:30 Scout Tower
12:31 Scout Tower
13:00 Guard Tower
13:36 Gryphon Aviary
14:36 Guard Tower
16:13 Keep
17:25 Scout Tower
17:25 Scout Tower
17:25 Scout Tower
17:26 Scout Tower
17:26 Scout Tower
17:27 Scout Tower
17:28 Scout Tower
17:28 Scout Tower
17:29 Scout Tower
17:58 Workshop
17:59 Workshop
18:00 Workshop
18:33 Guard Tower
18:33 Guard Tower
19:36 Guard Tower
19:36 Guard Tower
19:56 Scout Tower
19:56 Scout Tower
19:57 Scout Tower
19:57 Scout Tower
19:58 Scout Tower
19:58 Scout Tower
20:01 Castle
20:39 Cannon Tower
20:41 Cannon Tower
21:20 Town Hall
21:35 Scout Tower
21:35 Scout Tower
21:36 Scout Tower
21:36 Scout Tower
21:36 Scout Tower
21:38 Scout Tower
21:38 Scout Tower
21:39 Scout Tower
21:39 Scout Tower
22:36 Scout Tower
22:37 Scout Tower
22:37 Scout Tower
22:37 Scout Tower
22:38 Scout Tower
22:38 Scout Tower
22:39 Scout Tower
22:39 Scout Tower
22:40 Scout Tower
22:40 Scout Tower
22:41 Scout Tower
22:42 Scout Tower
23:23 Cannon Tower
23:34 Guard Tower
23:34 Guard Tower
23:36 Guard Tower
23:36 Guard Tower
23:41 Cannon Tower
23:54 Guard Tower
24:04 Guard Tower
24:10 Scout Tower
24:10 Scout Tower
24:10 Scout Tower
24:11 Scout Tower
24:12 Scout Tower
24:13 Scout Tower
24:13 Scout Tower
24:14 Scout Tower
24:14 Scout Tower
24:14 Scout Tower
24:15 Scout Tower
24:15 Scout Tower
24:15 Scout Tower
25:25 Farm
25:36 Guard Tower
25:36 Guard Tower
25:37 Guard Tower
25:55 Guard Tower
26:54 Guard Tower
28:47 Arcane Sanctum
» items
| Scroll of Regeneration | 2 | |
| Staff of Sanctuary | 1 | |
| Tome of Retraining | 1 | |
| Scroll of Town Portal | 3 | |
| Staff of Teleportation | 1 | |
8 total
I_Hustle (
purple | 38 APM | 2216 actions | 58:10)
8 Demon Hunter
3 Mana Burn
3 Evasion
1 Metamorphosis
1 Immolation
6 Keeper of the Grove
2 Entangling Roots
3 Thorns Aura
1 Tranquility
» actions
| Basic commands | 15 | |
| Build / train | 127 | |
| Enter build submenu | 30 | |
| Enter hero's abilities submenu | 14 | |
| Give item / drop item | 8 | |
| Remove unit from queue | 2 | |
| Right click | 1092 | |
| Select / deselect | 777 | |
| Use ability | 151 | |
2216 total
» units
| Wisp | 24 | |
| Archer | 21 | |
| Goblin Zeppelin | 1 | |
| Hippogryph | 18 | |
| Chimaera | 11 | |
75 total
» upgrades
| Strength of the Moon | 2 | |
| Moon Armor | 2 | |
| Hippogryph Taming | 1 | |
| Improved Bows | 1 | |
| Marksmanship | 1 | |
| Corrosive Breath | 1 | |
| Strength of the Wild | 3 | |
| Reinforced Hides | 2 | |
13 total
» buildings
| Moon Well | 9 | |
| Altar of Elders | 1 | |
| Ancient of War | 1 | |
| Hunter's Hall | 2 | |
| Ancient of Wonders | 1 | |
| Tree of Ages | 4 | |
| Ancient of Wind | 2 | |
| Tree of Eternity | 4 | |
| Tree of Life | 7 | |
| Chimaera Roost | 3 | |
34 total
» build order
00:14 Moon Well
01:09 Altar of Elders
01:25 Ancient of War
01:33 Hunter's Hall
02:25 Moon Well
02:34 Ancient of Wonders
04:23 Tree of Ages
04:24 Tree of Ages
04:40 Moon Well
05:39 Moon Well
06:55 Ancient of Wind
06:59 Ancient of Wind
08:09 Tree of Eternity
09:13 Tree of Life
09:35 Moon Well
13:20 Chimaera Roost
13:26 Chimaera Roost
13:30 Chimaera Roost
13:39 Moon Well
13:44 Moon Well
13:49 Moon Well
16:52 Hunter's Hall
20:46 Tree of Life
21:20 Moon Well
22:11 Tree of Life
25:57 Tree of Ages
28:34 Tree of Eternity
32:57 Tree of Life
41:01 Tree of Ages
43:34 Tree of Eternity
43:34 Tree of Eternity
45:33 Tree of Life
45:42 Tree of Life
55:03 Tree of Life
» items
| Boots of Speed | 4 | |
| Periapt of Vitality | 2 | |
| Scroll of Regeneration | 1 | |
| Potion of Healing | 1 | |
| Orb of Fire | 1 | |
| Staff of Teleportation | 1 | |
10 total
walmartpimp (
yellow | 52 APM | 3203 actions | 61:46)
5 Archmage
2 Summon Water Elemental
2 Brilliance Aura
1 Blizzard
1 Paladin
1 Divine Shield
» actions
| Assign group hotkey | 26 | |
| Basic commands | 38 | |
| Build / train | 90 | |
| ESC pressed | 5 | |
| Enter build submenu | 39 | |
| Enter hero's abilities submenu | 6 | |
| Give item / drop item | 5 | |
| Remove unit from queue | 2 | |
| Right click | 876 | |
| Select / deselect | 282 | |
| Select group hotkey | 1647 | |
| Use ability | 187 | |
3203 total
» units
| Peasant | 18 | |
| Flying Machine | 9 | |
| Mortar Team | 3 | |
30 total
» upgrades
| Gunpowder | 3 | |
| Plating | 2 | |
| Flak Cannons | 1 | |
| Flying Machine Bombs | 1 | |
| Lumber Harvesting | 2 | |
| Masonry | 3 | |
| Magic Sentry | 1 | |
| Fragmentation Shards | 1 | |
| Flare | 1 | |
| Armor | 1 | |
16 total
» buildings
| Altar of Kings | 2 | |
| Farm | 13 | |
| Lumber Mill | 2 | |
| Keep | 2 | |
| Scout Tower | 16 | |
| Arcane Tower | 5 | |
| Blacksmith | 1 | |
| Castle | 1 | |
| Workshop | 3 | |
| Arcane Vault | 1 | |
| Arcane Sanctum | 1 | |
| Town Hall | 4 | |
| Guard Tower | 8 | |
59 total
» build order
00:20 Altar of Kings
00:27 Farm
00:58 Lumber Mill
01:25 Farm
02:31 Farm
02:32 Farm
02:35 Keep
02:52 Scout Tower
03:30 Arcane Tower
03:41 Blacksmith
05:15 Castle
05:17 Workshop
05:22 Workshop
05:48 Farm
05:50 Farm
05:51 Farm
05:52 Farm
05:56 Arcane Vault
06:35 Workshop
11:19 Arcane Sanctum
11:27 Scout Tower
11:30 Scout Tower
11:31 Scout Tower
11:33 Scout Tower
11:41 Town Hall
13:06 Scout Tower
13:08 Scout Tower
13:09 Scout Tower
13:10 Scout Tower
13:15 Guard Tower
13:19 Guard Tower
13:53 Guard Tower
14:00 Guard Tower
14:03 Arcane Tower
14:55 Guard Tower
14:57 Guard Tower
15:21 Guard Tower
15:26 Scout Tower
15:32 Scout Tower
15:35 Scout Tower
16:10 Farm
16:14 Farm
16:21 Arcane Tower
17:12 Arcane Tower
17:13 Arcane Tower
17:59 Scout Tower
18:00 Scout Tower
18:01 Scout Tower
18:03 Scout Tower
18:35 Guard Tower
23:53 Altar of Kings
23:59 Farm
24:03 Farm
24:17 Farm
25:16 Town Hall
25:34 Lumber Mill
35:39 Town Hall
45:26 Keep
52:27 Town Hall
» items
| Orb of Fire | 1 | |
| Scroll of Town Portal | 3 | |
| Potion of Healing | 2 | |
| Boots of Speed | 1 | |
| Potion of Lesser Invulnerability | 5 | |
| Staff of Teleportation | 1 | |
| Potion of Invisibility | 5 | |
18 total

»
fountainofhealt (
green | 32 APM | 1439 actions | 45:06)
4 Blood Mage
1 Siphon Mana
1 Flame Strike
2 Banish
1 Archmage
1 Summon Water Elemental
» actions
| Build / train | 61 | |
| Enter build submenu | 19 | |
| Enter hero's abilities submenu | 5 | |
| Remove unit from queue | 1 | |
| Right click | 1140 | |
| Select / deselect | 185 | |
| Use ability | 28 | |
1439 total
» units
» upgrades
» buildings
| Barracks | 1 | |
| Scout Tower | 3 | |
| Farm | 5 | |
| Altar of Kings | 1 | |
| Arcane Tower | 3 | |
| Town Hall | 1 | |
| Keep | 1 | |
| Lumber Mill | 1 | |
| Castle | 1 | |
17 total
» build order
00:42 Barracks
01:39 Scout Tower
02:06 Farm
02:35 Altar of Kings
03:17 Arcane Tower
03:43 Farm
04:38 Scout Tower
05:17 Scout Tower
05:19 Arcane Tower
05:43 Farm
05:55 Arcane Tower
09:20 Farm
10:26 Town Hall
11:08 Farm
14:05 Keep
21:17 Lumber Mill
23:59 Castle
» items
| Circlet of Nobility | 1 | |
| Dust of Appearance | 1 | |
| Potion of Invisibility | 1 | |
| Scroll of Protection | 1 | |
4 total
Chat log
(00:12 / All) CLOUD-ATLAS.: wal mart pimp #1
(00:32 / Allies) chiwauke11: yo
(04:34 / Allies) chiwauke11: units
(10:45 / All) GutEatinInjun: lol
(13:42 / Allies) GutEatinInjun: lkumber?
(17:56 / Allies) GutEatinInjun: go teal
(18:21 / Allies) GutEatinInjun: heal my bm?
(18:30 / All) GutEatinInjun: this is a game of retards
(19:11 / All) I_Hustle: help\
(19:31 / All) I_Hustle: fucking a
(20:28 / Allies) GutEatinInjun: come pink
(20:31 / Allies) GutEatinInjun: we can end yellow and green
(20:33 / Allies) yahboxi: wait
(20:47 / Allies) integraboy: ok
(20:54 / Allies) yahboxi: okay
(21:08 / Allies) GutEatinInjun: just charge
(22:21 / Allies) yahboxi: you just got my whole army kill
(29:37 / Allies) chiwauke11: soooo
(29:41 / Allies) chiwauke11: wanna all meet u
(29:45 / Allies) chiwauke11: up
(30:08 / Allies) yahboxi: go
(30:51 / Allies) integraboy: no tp
(30:52 / Allies) integraboy: fuck
(31:04 / Allies) yahboxi: attadk a fucking town
(31:16 / Allies) integraboy: pink
(31:18 / Allies) integraboy: move
(35:17 / Allies) integraboy: tp
(35:18 / Allies) integraboy: guys
(35:33 / Allies) chiwauke11: we hve no fucking units
(35:47 / All) GutEatinInjun: lucky purple misclicked
(35:59 / All) CLOUD-ATLAS.: mention
(36:40 / All) GutEatinInjun: mountain giants sure are a fine unit, very fine indeed
(36:51 / All) GutEatinInjun: once had a big battle of 300 food worth of mountain giants
(36:56 / All) walmartpimp: LOL
(37:03 / All) CLOUD-ATLAS.: we meet again friend
(40:19 / All) CLOUD-ATLAS.: u hack blue? how u get up there
(42:48 / All) GutEatinInjun: that's fucking bullshit it reveals the mk
(45:09 / All) GutEatinInjun: that's what I tried to do last time but I tried to get in two wind walks
(45:17 / All) GutEatinInjun: instead of bolting it immediately
(45:20 / All) GutEatinInjun: after wind walk
(45:30 / All) GutEatinInjun: so he got the invul off before I could bolt
(45:33 / All) GutEatinInjun: and it revealed the mk
(45:55 / All) CLOUD-ATLAS.: purple i have a quesiton
(45:58 / All) CLOUD-ATLAS.: plz indulge me
(46:18 / All) CLOUD-ATLAS.: you had hippo riders at middle of map and i revealed ojs island expo, which had towers going up
(46:22 / All) CLOUD-ATLAS.: WHY DIDNT U KILL IT
(48:29 / All) I_Hustle: omg why red
(48:32 / All) CLOUD-ATLAS.: lol
(49:20 / All) CLOUD-ATLAS.: lucky ass
(49:54 / All) CLOUD-ATLAS.: hsit man
(49:55 / All) CLOUD-ATLAS.: mistake
(50:20 / All) CLOUD-ATLAS.: ok ok purple
(50:22 / All) CLOUD-ATLAS.: im getting
(50:27 / All) CLOUD-ATLAS.: dhawks now
(50:29 / All) CLOUD-ATLAS.: to kill him
(50:51 / All) CLOUD-ATLAS.: purple
(50:54 / All) CLOUD-ATLAS.: y wont u answer me
(51:00 / All) CLOUD-ATLAS.: i asked u a question earlier
(51:10 / All) CLOUD-ATLAS.: i revealed oj's bottom island expo. why didnt u attack it
(51:21 / All) I_Hustle: cauyse you aint doing shit
(51:28 / All) I_Hustle: your just doing nothing with all that gold
(51:28 / All) CLOUD-ATLAS.: that
(51:31 / All) CLOUD-ATLAS.: doesnt prove anything
(51:35 / All) CLOUD-ATLAS.: i revealed his island expo
(51:41 / All) CLOUD-ATLAS.: u had hippo riders
(51:43 / All) CLOUD-ATLAS.: y didnt u kill it
(51:47 / All) CLOUD-ATLAS.: U
(51:49 / All) I_Hustle: you didnt do shit either
(51:50 / All) CLOUD-ATLAS.: were literally right there
(52:00 / All) CLOUD-ATLAS.: u were right there
(52:07 / All) I_Hustle: duide you were right there doing nothing
(52:18 / All) CLOUD-ATLAS.: fine that explains me
(52:20 / All) CLOUD-ATLAS.: y not u
(52:25 / All) I_Hustle: i was killing the fucking creeps while ytour fucking air was doing nothing cause magic didnt affect them
(52:35 / All) I_Hustle: i siad cause i was killing creeps
(52:36 / All) CLOUD-ATLAS.: i killed those creeps
(52:37 / All) I_Hustle: like wtf
(52:37 / All) CLOUD-ATLAS.: u did nothing
(52:40 / All) CLOUD-ATLAS.: u didnt even dismount
(52:50 / All) CLOUD-ATLAS.: i had to kite them to u
(52:54 / All) CLOUD-ATLAS.: u didnt even dismount them
(53:05 / All) CLOUD-ATLAS.: y didn't u dismount them
(53:18 / All) I_Hustle: cause i dont have to
(53:25 / All) I_Hustle: now fucking do something
(54:41 / All) CLOUD-ATLAS.: what
(57:30 / All) I_Hustle: your a fuckin gnigger red
(57:36 / All) CLOUD-ATLAS.: u attacked my hippo
(57:39 / All) CLOUD-ATLAS.: its even stevens
(57:53 / All) I_Hustle: your dont have hippos you dumb fuck
(58:04 / All) I_Hustle: you fdumb fuckingnigger red
(58:07 / All) I_Hustle: you fucking suck
(58:12 / All) CLOUD-ATLAS.: apparently i dont
(58:19 / All) CLOUD-ATLAS.: lol
(58:42 / All) walmartpimp: now its time
(58:56 / All) walmartpimp: suicide it
(59:54 / All) GutEatinInjun: lol
(60:03 / All) CLOUD-ATLAS.: a dead horse
(60:11 / All) CLOUD-ATLAS.: should we just give wal mart the win
(60:16 / All) CLOUD-ATLAS.: how did u like ur team
(60:23 / All) walmartpimp: suicide it all
(61:27 / All) walmartpimp: there ya go
(61:33 / All) walmartpimp: g'day mate
(61:36 / All) CLOUD-ATLAS.: g'day
(61:37 / All) walmartpimp: till we meet again
(61:54 / All) GutEatinInjun: purple gotta lose
(61:54 / All) CLOUD-ATLAS.: i dont care who wins